 Dungeon Crawl Stone Soup version 0.29-a0-356-g7bc237e783 (webtiles) character file.

Game seed: 9756868433801365261

2166 kevlar127 the Ruffian (level 9, -2/89 HPs)
             Began as a Troll Berserker on Apr 25, 2022.
             Was a Priest of Trog.
             Succumbed to a hornet's poison
             ... while paralysed by a hornet
             ... on level 6 of the Dungeon.
             The game lasted 00:19:17 (4851 turns).

kevlar127 the Ruffian (Troll Berserker)             Turns: 4851, Time: 00:19:18

Health: -2/89      AC:  9    Str: 31    XL:     9   Next: 10%
Magic:  8/8        EV:  1    Int:  8    God:    Trog [***...]
Gold:   403        SH:  0    Dex: 15    Spells: 8/8 levels left

rFire   . . .      SeeInvis +     - Unarmed
rCold   . . .      Faith    .   (no shield)
rNeg    . . .      Spirit   .   a - +0 animal skin
rPois   .          Reflect  .   E - +3 crown of Dyrovepreva {rElec Int+2 SInv}
rElec   +          Harm     .   m - +1 cloak
rCorr   .          Rampage  .   (gloves unavailable)
Will    .....                   (boots unavailable)
Stlth   +.........              n - amulet "Maiskyibb" {RegenMP Int+3}
HPRegen 1.04/turn               v - +4 ring of slaying
MPRegen 0.51/turn               F - +6 ring of dexterity

@: paralysed, lethally poisoned (-2 -> -19), slowed
A: large, unfitting armour, claws 3, regeneration 1, shaggy fur 1, tough skin 1
a: Renounce Religion, Berserk, Trog's Hand


You were on level 6 of the Dungeon.
You worshipped Trog.
Trog was most pleased with you.
You visited 1 branch of the dungeon, and saw 6 of its levels.

You collected 403 gold pieces.

Inventory:

Missiles
 h - 163 stones
 k - 5 atropa-tipped darts
 l - 8 poisoned darts
 D - 2 silver boomerangs (quivered)
 G - a throwing net
Armour
 a - a +0 animal skin (worn)
 m - a +1 cloak (worn)
 E - the +3 crown of Dyrovepreva (worn) {rElec Int+2 SInv}
   (You found it on level 5 of the Dungeon)

   Int:       It affects your intelligence (+2).
   rElec:     It insulates you from electricity.
   SInv:      It lets you see invisible.
Jewellery
 n - the amulet "Maiskyibb" (around neck) {RegenMP Int+3}
   (You found it on level 3 of the Dungeon)

   [amulet of magic regeneration]

   It increases your rate of magic regeneration.
   Int:       It affects your intelligence (+3).
 v - a +4 ring of slaying (left claw)
 z - a +6 ring of intelligence
 C - a +6 ring of intelligence
 F - a +6 ring of dexterity (right claw)
Wands
 r - a wand of iceblast (11)
Scrolls
 b - 6 scrolls of teleportation
 c - 2 scrolls of amnesia {unknown}
 i - a scroll of noise {unknown}
 j - 2 scrolls of blinking {unknown}
 p - 3 scrolls of magic mapping {unknown}
 t - a scroll of holy word {unknown}
 u - a scroll of brand weapon {unknown}
 w - 3 scrolls of enchant weapon
 x - a scroll of silence {unknown}
 y - a scroll of fog {unknown}
 A - 2 scrolls of enchant armour {unknown}
Potions
 d - a potion of degeneration {unknown}
 e - 2 potions of berserk rage
 f - 3 potions of flight
 g - a potion of ambrosia {unknown}
 q - a potion of heal wounds
 s - 3 potions of might
 B - a potion of mutation


   Skills:
 + Level 5.8 Fighting
 + Level 5.4 Throwing
 - Level 3.0 Dodging
 + Level 7.0 Unarmed Combat
 + Level 3.3 Evocations


You had 8 spell levels left.
You didn't know any spells.
Your spell library was empty.

Dungeon Overview and Level Annotations

Branches:
Dungeon (6/15)             Temple (0/1) D:5

Altars:
Elyvilon
Kikubaaqudgha
Uskayaw
Wu Jian

Shops:
D:4 (


Innate Abilities, Weirdness & Mutations

You are too large for most types of armour.
You have claws for hands.
Your natural rate of healing is unusually fast.
You are covered in fur. (AC +1)
You have tough skin. (AC +1)


Message History

The hornet stings you!
You are more poisoned.
You feel yourself slow down. The hornet stings you.
You are more poisoned.
You feel as though you will be slow longer.
You can move again.
You scratch the hornet.
The hornet is almost dead.
You feel extremely sick.
The hornet stings you but does no damage.
The hornet barely misses you.
You closely miss the hornet.
The hornet is almost dead.
You feel extremely sick.
The hornet stings you but does no damage.
The hornet stings you.
You feel as though you will be slow longer.
You barely miss the hornet.
The hornet is almost dead.
You feel very sick. The hornet closely misses you. The hornet stings you.
* * * LOW HITPOINT WARNING * * *
You are more poisoned.
You feel as though you will be slow longer.
You barely miss the hornet.
The hornet is almost dead.
You feel very sick. The hornet barely misses you.
The hornet stings you but does no damage.
You miss the hornet.
The hornet is almost dead.
You feel very sick. The hornet stings you.
* * * LOW HITPOINT WARNING * * *
You are lethally poisoned!
You feel as though you will be slow longer.
The hornet stings you!
* * * LOW HITPOINT WARNING * * *
You suddenly lose the ability to move!
You die...

## ##. ## # ##.. ##.# #.
##... ..## #.##...####...# #
#......##.....## ##
##.....y........## .###
#......@.........##
.†.#####...###..........#...
.......... ##........!.#.#
..........# #............#
.....###...# #......^....#
..)..# #...###..........##
#...## #...##...........#
#..#######....#...†.......#
#......................##.[#


You could see a hornet.

Vanquished Creatures
  Sigmund (D:3)
  5 yaks (D:6)
  3 ogres
  A black bear (D:5)
  A gnoll sergeant (D:6)
  3 scorpions
  5 wights (D:6)
  A hound (D:6)
  An orc priest (D:6)
  2 jellies
  Jessica (D:2)
  An iguana (D:5)
  3 orc wizards
  11 adders
  5 gnolls (D:6)
  A white imp (D:5)
  4 dart slugs
  6 orcs
  6 endoplasms
  A giant cockroach (D:1)
  6 goblins
  2 hobgoblins (D:5)
  4 jackals
  9 kobolds
  2 quokkas (D:1)
  7 ball pythons
  5 frilled lizards
  2 rats
99 creatures vanquished.

Vanquished Creatures (others)
  A plant (D:5)
1 creature vanquished.

Grand Total: 100 creatures vanquished

Notes
Turn   | Place    | Note
-------+----------+-------------------------------------------
     0 | D:1      | kevlar127 the Troll Berserker began the quest for the Orb.
     0 | D:1      | Reached XP level 1. HP: 22/22 MP: 0/0
   231 | D:1      | Reached XP level 2. HP: 28/29 MP: 1/1
   564 | D:2      | Reached XP level 3. HP: 28/36 MP: 2/2
   680 | D:2      | Reached ** piety under Trog
   729 | D:2      | Noticed Jessica
   741 | D:2      | Killed Jessica
   742 | D:2      | Reached skill level 1 in Throwing
   742 | D:2      | Reached XP level 4. HP: 39/45 MP: 3/3
  1272 | D:3      | Identified the amulet "Maiskyibb" {RegenMP Int+3}
  1428 | D:3      | Noticed an ogre
  1435 | D:3      | Killed an ogre
  1436 | D:3      | Reached skill level 4 in Unarmed Combat
  1436 | D:3      | Reached XP level 5. HP: 33/53 MP: 4/4
  1469 | D:3      | Noticed Sigmund
  1480 | D:3      | Killed Sigmund
  1481 | D:3      | Reached XP level 6. HP: 62/62 MP: 5/5
  1510 | D:3      | Found an ornate altar of the Wu Jian Council.
  1943 | D:4      | Reached skill level 5 in Unarmed Combat
  2109 | D:4      | Found a white marble altar of Elyvilon.
  2163 | D:4      | Found a hide-covered altar of Uskayaw.
  2215 | D:4      | Found Relyfinade's Weapon Shop.
  2598 | D:5      | Entered Level 5 of the Dungeon
  2619 | D:5      | Reached XP level 7. HP: 56/70 MP: 6/6
  2912 | D:5      | Reached skill level 1 in Evocations
  3048 | D:5      | Found the +3 crown of Dyrovepreva {rElec Int+2 SInv}
  3053 | D:5      | Reached *** piety under Trog
  3215 | D:5      | Identified the +6 hand axe "Latuw" {vorpal, Str+4 Dex+5
                  | Stlth+}
  3437 | D:5      | Found a staircase to the Ecumenical Temple.
  3552 | D:5      | Found an ancient bone altar of Kikubaaqudgha.
  3900 | D:6      | Identified the -5 pair of boots of Lethargy {rCorr Str+3
                  | Int+3}
  3923 | D:6      | Reached XP level 8. HP: 79/79 MP: 7/7
  3964 | D:6      | Reached skill level 5 in Fighting
  3964 | D:6      | Reached skill level 6 in Unarmed Combat
  4461 | D:6      | Reached skill level 5 in Throwing
  4726 | D:6      | Reached XP level 9. HP: 40/89 MP: 8/8
  4737 | D:6      | Reached skill level 7 in Unarmed Combat
  4843 | D:6      | Paralysed by a hornet for 3 turns
  4850 | D:6      | HP: 3/89 [hornet (8)]
  4850 | D:6      | Paralysed by a hornet for 3 turns
  4851 | D:6      | Succumbed to a hornet's poison

Illustrated notes

Levels and vault maps discovered:
D:1:      lightli_arrival_farm, layout_basic
D:2:      layout_rooms, uniq_jessica
D:3:      layout_rooms, nicolae_wu_jian_glorious_leap,
          nicolae_overflow_hidden_temple, uniq_sigmund
D:4:      layout_loops_corners, lemuel_round_altar, amcnicky_altar_gilded,
          serial_shops, nicolae_shop_waterfront
D:5:      corexii_shack_village, layout_basic,
          nicolae_kikubaaqudgha_miasma_corner, minmay_temple_entry_butterflies
D:6:      layout_layer_cave, uniq_eustachio, uniq_blork_the_orc

Skill      XL: |  1  2  3  4  5  6  7  8  9 |
---------------+----------------------------+-----
Fighting       | 3 4 5 |  5.8
Throwing       | 1 2 3 4 5 |  5.4
Dodging        | 3 |  3.0
Unarmed Combat | 4 5 6 7 |  7.0
Evocations     | 1 3 |  3.3

Action                   |  1- 3 |  4- 6 |  7- 9 || total
-------------------------+-------+-------+-------++-------
Melee: Unarmed           |    59 |    92 |   122 ||   273
       Punch             |     1 |     1 |     5 ||     7
Throw: Dart              |       |       |    12 ||    12
       Boomerang         |       |       |     2 ||     2
Invok: Trog's Hand       |       |     1 |     1 ||     2
       Berserk           |       |       |     2 ||     2
  Use: Scroll            |       |       |     7 ||     7
 Stab: Sleeping          |       |     2 |       ||     2
Armor: Animal skin       |    15 |    14 |    31 ||    60
Dodge: Dodged            |    20 |    32 |    65 ||   117

Table legend: (Time is in decaauts)
 A = Elapsed time spent in this place.
 B = Non-inter-level travel time spent in this place.
 C = Inter-level travel time spent in this place.
 D = Time resting spent in this place.
 E = Time spent auto-exploring this place.
 F = Levels seen in this place.
 G = Mean time per level.
                   A        B        C        D        E       F      G
               +--------+--------+--------+--------+--------+-----+--------+
         Total |   4866 |   4446 |    420 |    691 |   3088 |   6 |  811.0 |
       Dungeon |   4866 |   4446 |    420 |    691 |   3088 |   6 |  811.0 |
               +--------+--------+--------+--------+--------+-----+--------+

Top non-repeatable levels by time:
     D:5: 1248 daAuts
     D:6: 1006 daAuts
     D:4: 805 daAuts
     D:1: 644 daAuts
     D:3: 593 daAuts
     D:2: 567 daAuts
